 Dungeon Crawl Stone Soup version 0.31-a0-691-g409c26aa35 (webtiles) character file.

Game seed: 12650312946117350736

1444 LeprechaunX the Changeling (level 8, -1/54 HPs)
             Began as an Octopode Shapeshifter on Sept 6, 2023.
             Succumbed to a scorpion's poison
             ... on level 6 of the Dungeon.
             The game lasted 00:07:24 (5023 turns).

LeprechaunX the Changeling (Octopode Shapeshifter)  Turns: 5023, Time: 00:07:24

Health: -1/54      AC:  1    Str: 16    XL:     8   Next: 74%
Magic:  7/7        EV: 12    Int: 12    God:
Gold:   463        SH:  8    Dex: 11    Spells: 7/7 levels left

rFire   . .          .
                       - Unarmed
rCold   . . .        x - +0 kite shield
rNeg    . . .        (helmet currently unavailable)
rPois   .            (no amulet)
rElec   .            s - ring of flight
rCorr   .            (no ring)
SInv    .            (no ring)
Will    .....        (no ring)
Stlth   ++           (no ring)
HPRegen 0.29/turn    (no ring)
MPRegen 0.10/turn    (no ring)
                     (no ring)

%: no passive effects
@: lethally poisoned (-1 -> -15), beast-form, flying
A: beast (slay +3), almost no armour, amphibious, 8 rings, camouflage 1,
gelatinous body 1, (nimble swimmer 1), tentacles, low MP 1
a: Begin Untransformation


You were on level 6 of the Dungeon.
You were a hulking beast.
You visited 1 branch of the dungeon, and saw 6 of its levels.
You also visited: Sewer.

You collected 463 gold pieces.

Inventory:

Missiles
 k - 5 atropa-tipped darts (quivered)
Armour
 x - a +0 kite shield (worn)
Jewellery
 i - an amulet of magic regeneration
 s - a ring of flight (left tentacle)
Talismans
 b - a beast talisman (active)
 c - a flux talisman
Wands
 n - a wand of mindburst (2)
Scrolls
 d - a scroll of poison {unknown}
 e - a scroll of fog {unknown}
 g - a scroll of summoning {unknown}
 j - 2 scrolls of revelation {unknown}
 o - 5 scrolls of identify {unknown}
 t - a scroll of blinking
 v - 3 scrolls of immolation {unknown}
 w - a scroll of fear {unknown}
Potions
 a - a potion of lignification
 f - 2 potions of mutation
 h - 5 potions of curing {unknown}
 l - a potion of haste {unknown}
 m - a potion of ambrosia {unknown}
 p - a potion of attraction {unknown}
 q - 3 potions of might {unknown}
 r - a potion of berserk rage {unknown}
 u - 2 potions of magic {unknown}
 z - a potion of brilliance {unknown}


   Skills:
 + Level 4.3 Fighting
 + Level 4.8 Dodging
 + Level 3.6 Shields
 + Level 5.2 Unarmed Combat
 * Level 6.3 Shapeshifting


You had 7 spell levels left.
You didn't know any spells.
Your spell library contained the following spells:

 Spells                   Type           Power      Damage    Failure   Level
 Cigotuvi's Dreadful Rot  Necr/Pois/Air  0%         N/A       82%         2
 Portal Projectile        Hex/Tloc       0%         N/A       96%         3
 Tukima's Dance           Hex            0%         N/A       96%         3
 Dispel Undead            Necr           0%         3d6       100%        4
 Iskenderun's Mystic Bla  Conj/Tloc      0%         2d3       100%        4
 Manifold Assault         Tloc           0%         N/A       100%        4
 Death Channel            Necr           0%         N/A       100%        6
 Dispersal                Tloc           0%         N/A       100%        6
 Disjunction              Tloc           0%         N/A       100%        8


Dungeon Overview and Level Annotations

Branches:
Dungeon (6/15)              Sewer (visited)
 Temple: D:4-7

Altars:
Ashenzari
Fedhas

Shops:
D:1 :   D:3 *?[=


Innate Abilities, Weirdness & Mutations

You are a hulking beast.
Your limbs bulge with bestial killing power. (Slay +3)
You cannot wear most types of armour.
You are amphibious.
You can wear up to eight rings at the same time.
Your skin changes colour to match your surroundings (Stealth+).
Your rubbery body absorbs attacks. (AC +1, EV +1)
((You are camouflaged when in or above water. (Stealth+)))
You have tentacles for arms and can constrict up to eight enemies at once.
Your magical capacity is low. (-10% MP)


Message History

The water moccasin is moderately wounded.
The water moccasin bites you!
You closely miss the water moccasin. Your grab misses the water moccasin.
The water moccasin is moderately wounded.
You block the water moccasin's attack. The water moccasin bites you.
You are poisoned.
The water moccasin poisons you!
You closely miss the water moccasin. You grab the water moccasin.
The water moccasin is moderately wounded.
You constrict the water moccasin, but do no damage.
You feel sick. The water moccasin bites you.
You are more poisoned.
The water moccasin poisons you! The scorpion stings you.
You are lethally poisoned!
The scorpion poisons you!
You tentacle-slap the water moccasin. You squeeze the water moccasin!
The water moccasin is heavily wounded.
You constrict the water moccasin.
You feel extremely sick. The water moccasin closely misses you.
The scorpion misses you. The water moccasin closely misses you.
You block the scorpion's attack.
Unknown command.
You tentacle-slap the water moccasin. You tentacle-slap the water moccasin!
You kill the water moccasin!
* * * LOW HITPOINT WARNING * * *
You feel extremely sick. You block the scorpion's attack.
Unknown command.
You tentacle-slap the scorpion. You grab the scorpion.
Your squeeze misses the scorpion.
The scorpion is lightly wounded.
You constrict the scorpion.
* * * LOW HITPOINT WARNING * * *
You feel very sick. The scorpion stings you!
* * * LOW HITPOINT WARNING * * *
It was a potion of mutation.
You feel extremely strange.
You feel less energetic.
You constrict the scorpion.
You die...

#............#
#............#
#............#
#............#
#............###
######.......?.#
#.........#
###.####.........#
......†hs..........
#.#..............##
#.#####........# #
#........#
#.........
#.........
#########


You could see a scorpion.

Vanquished Creatures
  Grinder (D:3)
  Prince Ribbit (D:5)
  Sigmund (D:2)
  Eustachio (D:5)
  A water moccasin (D:6)
  An ogre (D:4)
  Blork the orc (D:5)
  2 bullfrogs (Sewer)
  A scorpion (D:5)
  A hound (D:4)
  An orc priest (D:5)
  Ijyb (D:3)
  Terence (D:2)
  2 iguanas
  4 adders
  4 worms
  14 orcs
  5 ball pythons
  5 bats
  5 endoplasms
  5 giant cockroaches
  4 goblins
  6 hobgoblins
  10 kobolds
  6 quokkas
  9 frilled lizards
  7 rats
100 creatures vanquished.

Notes
Turn   | Place    | Note
-------+----------+-------------------------------------------
     0 | D:1      | LeprechaunX the Octopode Shapeshifter began the quest for
                  | the Orb.
     0 | D:1      | Reached XP level 1. HP: 13/13 MP: 1/1
   216 | D:1      | Reached XP level 2. HP: 8/18 MP: 2/2
   327 | D:1      | Found Xiw Qoma's Book Emporium.
   824 | D:2      | Noticed Terence
   834 | D:2      | Killed Terence
   835 | D:2      | Reached XP level 3. HP: 11/23 MP: 3/3
   989 | D:2      | Found a faded altar of an unknown god.
  1023 | D:2      | Reached XP level 4. HP: 29/29 MP: 4/4
  1219 | D:2      | Noticed Sigmund
  1278 | D:2      | Killed Sigmund
  1279 | D:2      | Reached skill level 1 in Shields
  1279 | D:2      | Reached skill level 4 in Shapeshifting
  1279 | D:2      | Reached XP level 5. HP: 19/35 MP: 5/5
  1279 | D:2      | Reached XP level 6. HP: 22/41 MP: 6/6
  1632 | D:3      | Noticed Grinder
  1642 | D:3      | Killed Grinder
  1643 | D:3      | Reached XP level 7. HP: 8/45 MP: 7/7
  1916 | D:3      | Found Wezir's Assorted Antiques.
  1917 | D:3      | Found Lount's Magic Scroll Shoppe.
  1938 | D:3      | Found Ecilyc's Armour Shop.
  1938 | D:3      | Noticed Ijyb
  1946 | D:3      | Killed Ijyb
  2106 | D:3      | Found Rampamesh's Jewellery Boutique.
  2453 | D:4      | Found a broken altar of Ashenzari.
  2470 | D:4      | Reached skill level 5 in Shapeshifting
  2582 | D:4      | Found a glowing drain.
  2588 | Sewer    | Entered a sewer
  2993 | D:4      | Found a blossoming altar of Fedhas.
  3521 | D:5      | Entered Level 5 of the Dungeon
  3554 | D:5      | Reached XP level 8. HP: 46/53 MP: 8/8
  3851 | D:5      | Noticed Prince Ribbit
  3864 | D:5      | Killed Prince Ribbit
  3979 | D:5      | Noticed Blork the orc
  3989 | D:5      | Killed Blork the orc
  3990 | D:5      | Reached skill level 6 in Shapeshifting
  4423 | D:5      | Noticed Eustachio
  4433 | D:5      | Killed Eustachio
  4434 | D:5      | Reached skill level 5 in Unarmed Combat
  5023 | D:6      | Gained mutation: Your magical capacity is low. (-10% MP)
                  | [potion of mutation]
  5023 | D:6      | Succumbed to a scorpion's poison

Illustrated notes

Levels and vault maps discovered:
D:1:      shiori_arrival_oz, layout_loops_ring, serial_shops,
          nicolae_shop_tiny_waterfront
D:2:      layout_loops_ring, chequers_ecumenical_altar_simple, uniq_terence,
          uniq_sigmund
D:3:      layout_rooms, serial_shops, shop, nicolae_shop_advertising_works
          [nicolae_subvault_shop_adworks], shop, shop, uniq_grinder, uniq_ijyb
D:4:      layout_rooms, amcnicky_altar_gilded,
          mainiacjoe_overflow_concentric_impassable, portal_sewer_entry_e,
          serial_forest, infiniplex_forest_join, infiniplex_forest_lined_3_way,
          infiniplex_forest_zigzag_1, infiniplex_forest_fountain,
          infiniplex_forest_clump_tiny, infiniplex_forest_straight_4,
          infiniplex_forest_corner_2, infiniplex_forest_end_3,
          infiniplex_forest_clump_tiny, infiniplex_forest_end_2,
          minmay_misc_feat_rows, roderic_roman_lattice
D:5:      layout_basic, minivault_27, uniq_prince_ribbit1, uniq_blork_the_orc,
          uniq_eustachio
D:6:      layout_basic, mainiacjoe_overflow_paths, temple_fountains,
          dk_rats_in_the_wall

Skill      XL: |  1  2  3  4  5  6  7  8 |
---------------+-------------------------+-----
Fighting       | 2 3 4 |  4.3
Dodging        | 3 4 |  4.8
Shields        | 1 2 3 |  3.6
Shapeshifting  | 4 5 6 |  6.3
Unarmed Combat | 4 5 |  5.2

Action                     |  1- 3 |  4- 6 |  7- 9 || total
---------------------------+-------+-------+-------++-------
  Melee: Unarmed           |    44 |    24 |   160 ||   228
         Constrict         |    10 |     5 |    41 ||    56
         Tentacles         |     8 |     4 |    44 ||    56
         Punch             |       |       |    10 ||    10
  Throw: Dart              |       |     2 |     4 ||     6
    Use: Potion            |       |       |     1 ||     1
   Stab: Sleeping          |    11 |     1 |     5 ||    17
 Armour: Skin              |    12 |    12 |    46 ||    70
  Dodge: Dodged            |    21 |    11 |    63 ||    95
  Block: Buckler           |     2 |     4 |     6 ||    12
         Kite shield       |       |       |    14 ||    14

Table legend: (Time is in decaauts)
 A = Elapsed time spent in this place.
 B = Non-inter-level travel time spent in this place.
 C = Inter-level travel time spent in this place.
 D = Time resting spent in this place.
 E = Time spent auto-exploring this place.
 F = Levels seen in this place.
 G = Mean time per level.
                   A        B        C        D        E       F      G
               +--------+--------+--------+--------+--------+-----+--------+
         Total |   5019 |   4857 |    162 |    113 |   3804 |   7 |  717.0 |
       Dungeon |   4677 |   4515 |    162 |      0 |   3703 |   6 |  779.5 |
         Sewer |    341 |    341 |      0 |    113 |    101 |   1 |  341.0 |
               +--------+--------+--------+--------+--------+-----+--------+

Top non-repeatable levels by time:
     D:5: 1470 daAuts
     D:2: 824 daAuts
     D:4: 814 daAuts
     D:1: 778 daAuts
     D:3: 753 daAuts
   Sewer: 341 daAuts
     D:6: 35 daAuts
